 Dungeon Crawl Stone Soup version 0.31-a0-18-gea43df2a32 (webtiles) character file.

Game seed: 2819791475022994871

1140 Elsrick the Cudgeller (level 8, -17/60 HPs)
             Began as a Demonspawn Gladiator on May 12, 2023.
             Demolished by a cyclops (30 damage)
             ... on level 6 of the Dungeon.
             The game lasted 00:15:51 (4326 turns).

Elsrick the Cudgeller (Demonspawn Gladiator)        Turns: 4326, Time: 00:15:52

Health: -17/60     AC:  8    Str: 15    XL:     8   Next: 14%
Magic:  8/8        EV: 14    Int:  9    God:
Gold:   285        SH:  4    Dex: 17    Spells: 7/7 levels left

rFire   + . .        z - +5 hand axe of Baigg {venom, rPois rF+}
rCold   . . .        (no shield)
rNeg    . . .        b - +0 leather armour
rPois   +            c - +0 helmet
rElec   .            v - +0 cloak
rCorr   .            m - +2 pair of gloves
SInv    .            (no boots)
Will    .....        (no amulet)
Stlth   ++           (no ring)
HPRegen 0.30/turn    (no ring)
MPRegen 0.11/turn

%: no passive effects
@: no status effects
A: hooves 1, foul stench 1, sturdy frame 1, condensation shield
a: no special abilities


You were on level 6 of the Dungeon.
You visited 1 branch of the dungeon, and saw 6 of its levels.

You collected 285 gold pieces.

Inventory:

Hand Weapons
 a - a +0 long sword
 g - a +2 vampiric whip
 z - the +5 hand axe of Baigg (weapon) {venom, rPois rF+}
   (You found it on level 5 of the Dungeon)

   rF:        It protects you from fire.
   rPois:     It protects you from poison.
Missiles
 d - 3 throwing nets (quivered)
 e - a javelin
Armour
 b - a +0 leather armour (worn)
 c - a +0 helmet (worn)
 m - a +2 pair of gloves (worn)
 o - a scarf of repulsion
 v - a +0 cloak (worn)
Jewellery
 A - an amulet of faith
Wands
 p - a wand of digging (2)
 r - a wand of flame (36)
 u - a wand of light (2)
 w - a wand of roots (4)
 y - a wand of mindburst (12)
Scrolls
 h - a scroll of acquirement {unknown}
 j - a scroll of magic mapping {unknown}
 l - 4 scrolls of teleportation
 s - a scroll of enchant armour {unknown}
 t - a scroll of noise {unknown}
 B - a scroll of poison {unknown}
Potions
 f - 4 potions of lignification
 i - a potion of magic {unknown}
 k - 2 potions of degeneration
 n - 2 potions of heal wounds
 q - 2 potions of curing {unknown}
 x - a potion of berserk rage {unknown}


   Skills:
 + Level 4.1 Fighting
 - Level 3.0 Long Blades
 * Level 2.9(4.5) Axes
 - Level 5.4(5.8) Maces & Flails
 + Level 1.7 Throwing
 + Level 0.5 Armour
 + Level 4.6 Dodging
 + Level 1.6 Stealth
 - Level 1.4 Shields
 + Level 0.5 Evocations


You had 7 spell levels left.
You didn't know any spells.
Your spell library contained the following spells:

 Spells                   Type           Power      Damage    Failure   Level
 Lesser Beckoning         Tloc           0%         N/A       54%         2
 Gell's Gravitas          Tloc           0%         N/A       77%         3
 Teleport Other           Tloc           0%         N/A       77%         3


Dungeon Overview and Level Annotations

Branches:
Dungeon (6/15)
 Temple: D:4-7

Altars:
Uskayaw

Portals:
Abyss: D:6

Annotations:
D:3 Sigmund
D:5 1 runed translucent door, Crazy Yiuf
D:6 2 transporters, Dittersdorf's ghost, novice GrFi


Innate Abilities, Weirdness & Mutations

You have large cloven feet.
You may rarely emit foul miasma when damaged in melee.
Your movements are slightly less encumbered by armour. (ER -2)
A meltable shield of frost defends you. (SH +4)


Message History

Found a falchion.
There is a transporter landing site here.
Found a pair of gloves.
Found a transporter.
Found a stone staircase leading down.
Found 11 gold pieces.
f - 4 potions of lignification (gained 1)
You see here a +0 pair of gloves.
Found a stone staircase leading up.
Found a stone staircase leading up.
Found 21 gold pieces.
A cyclops comes into view.
The cyclops shouts!
Found 11 gold pieces.
There is a stone staircase leading up here.
You hit the cyclops.
The cyclops is poisoned.
The cyclops is lightly wounded.
You barely miss the cyclops. You kick the cyclops.
The cyclops is lightly wounded.
The cyclops hits you!
You hit the cyclops. You kick the cyclops, but do no damage.
The cyclops is moderately wounded.
The cyclops misses you.
You hit the cyclops.
The cyclops is moderately wounded.
The cyclops hits you!!
You hit the cyclops but do no damage.
The cyclops is moderately wounded.
The cyclops misses you.
You barely miss the cyclops. You kick the cyclops, but do no damage.
The cyclops is moderately wounded.
You hit the cyclops.
The cyclops looks even sicker.
The cyclops is heavily wounded.
The cyclops hits you!
* * * LOW HITPOINT WARNING * * *
You slash the cyclops!
The cyclops looks as sick as possible!
You kick the cyclops.
The cyclops is severely wounded.
The cyclops hits you!!
Ouch! That really hurt!
You die...

#..####....................
#.# #.........#.....#####
#. #.........###..## # #
#.........# #..# #
#.........###...#
#..........# ...#
#............. ....
#..........### ....
#..:@........
#...C......#..
#......$.#.###
#..#.....##.# #.######## #
... ..$ ..


You could see a cyclops (extremely poisoned).

Vanquished Creatures
  A black bear (D:4)
  An ogre (D:4)
  3 scorpions
  4 killer bees (D:5)
  4 hounds
  A jelly (D:3)
  3 orc priests
  2 iguanas (D:6)
  2 orc wizards
  Ijyb (D:5)
  11 adders
  2 shadow imps (D:5)
  2 worms
  A dart slug (D:1)
  15 orcs
  10 ball pythons
  5 endoplasms
  A giant cockroach (D:1)
  8 goblins
  10 hobgoblins
  10 jackals
  6 quokkas
  4 bats
  3 frilled lizards
  16 kobolds
  6 rats
132 creatures vanquished.

Notes
Turn   | Place    | Note
-------+----------+-------------------------------------------
     0 | D:1      | Elsrick the Demonspawn Gladiator began the quest for the
                  | Orb.
     0 | D:1      | Reached XP level 1. HP: 16/16 MP: 1/1
    90 | D:1      | Gained mutation: Your movements are slightly less
                  | encumbered by armour. (ER -2) [demonic ancestry]
    90 | D:1      | Reached XP level 2. HP: 14/22 MP: 2/2
   500 | D:1      | Gained mutation: You have large cloven feet. [demonic
                  | ancestry]
   500 | D:1      | Reached XP level 3. HP: 26/27 MP: 3/3
   985 | D:2      | Reached skill level 1 in Maces & Flails
  1101 | D:2      | Reached XP level 4. HP: 33/33 MP: 4/4
  1178 | D:2      | Reached skill level 2 in Maces & Flails
  1351 | D:3      | Gained mutation: A meltable shield of frost defends you.
                  | (SH +4) [demonic ancestry]
  1351 | D:3      | Reached XP level 5. HP: 32/39 MP: 5/5
  1392 | D:3      | Reached skill level 3 in Maces & Flails
  1443 | D:3      | Found a hide-covered altar of Uskayaw.
  1569 | D:3      | Noticed Sigmund
  1815 | D:4      | Noticed a black bear
  1868 | D:4      | Killed a black bear
  1869 | D:4      | Reached skill level 4 in Maces & Flails
  1869 | D:4      | Gained mutation: You may rarely emit foul miasma when
                  | damaged in melee. [demonic ancestry]
  1869 | D:4      | Reached XP level 6. HP: 9/46 MP: 6/6
  2125 | D:4      | Reached skill level 1 in Shields
  2188 | D:4      | Reached XP level 7. HP: 52/52 MP: 7/7
  2371 | D:4      | Reached skill level 5 in Maces & Flails
  2755 | D:5      | Entered Level 5 of the Dungeon
  2767 | D:5      | Noticed Ijyb
  2791 | D:5      | Killed Ijyb
  2948 | D:5      | Reached skill level 1 in Stealth
  3151 | D:5      | Identified the +5 hand axe of Baigg {venom, rPois rF+}
  3167 | D:5      | Found a runed translucent door.
  3168 | D:5      | Noticed Crazy Yiuf
  3227 | D:5      | Reached skill level 1 in Axes
  3611 | D:5      | Reached XP level 8. HP: 43/60 MP: 8/8
  4247 | D:6      | Found a one-way gate to the infinite horrors of the Abyss.
  4247 | D:6      | Noticed Dittersdorf's ghost (novice GrFi)
  4260 | D:6      | Found a transporter.
  4260 | D:6      | Noticed an ancient zyme
  4291 | D:6      | Found a transporter.
  4314 | D:6      | Noticed a cyclops
  4326 | D:6      | Demolished by a cyclops

Illustrated notes

Levels and vault maps discovered:
D:1:      amcnicky_arrival_flooded_fountain, layout_basic,
          minmay_misc_feat_more_columns
D:2:      cheibrodos_fertilizer, layout_basic
D:3:      layout_rooms, marbit_many_paths, uniq_sigmund
D:4:      layout_basic, minmay_misc_feat_diagonals, kennysheep_generic_room_14
D:5:      minmay_angry_zag, layout_rooms, uniq_crazy_yiuf_cottage, uniq_ijyb
D:6:      layout_rooms, gammafunk_ghost_abyssal_escape

Skill      XL: |  1  2  3  4  5  6  7 |
---------------+----------------------+-----
Long Blades    | 3 |  3.0
Dodging        | 3 4 |  4.6
Maces & Flails | 1 2 4 5 |  5.4
Fighting       | 3 4 |  4.1
Shields        | 1 |  1.4
Stealth        | 1 |  1.6
Axes           | 2 |  2.9
Throwing       | |  1.7
Armour         | |  0.5
Evocations     | |  0.5

Action                     |  1- 3 |  4- 6 |  7- 9 || total
---------------------------+-------+-------+-------++-------
  Melee: Whip              |   118 |   180 |    91 ||   389
         Long sword        |     9 |       |       ||     9
         Kick              |    15 |    51 |    49 ||   115
         Punch             |       |     4 |     2 ||     6
         Hand axe          |       |       |    58 ||    58
  Throw: Throwing net      |       |     1 |       ||     1
  Evoke: Wand              |       |       |     6 ||     6
    Use: Scroll            |       |       |     4 ||     4
   Stab: Sleeping          |       |       |     2 ||     2
 Armour: Leather armour    |    48 |    68 |    45 ||   161
  Dodge: Dodged            |    86 |   136 |    78 ||   300
         Repelled          |       |       |     3 ||     3
  Block: Other             |       |    32 |    21 ||    53

Table legend: (Time is in decaauts)
 A = Elapsed time spent in this place.
 B = Non-inter-level travel time spent in this place.
 C = Inter-level travel time spent in this place.
 D = Time resting spent in this place.
 E = Time spent auto-exploring this place.
 F = Levels seen in this place.
 G = Mean time per level.
                   A        B        C        D        E       F      G
               +--------+--------+--------+--------+--------+-----+--------+
         Total |   4319 |   4136 |    183 |    962 |   1784 |   6 |  719.8 |
       Dungeon |   4319 |   4136 |    183 |    962 |   1784 |   6 |  719.8 |
               +--------+--------+--------+--------+--------+-----+--------+

Top non-repeatable levels by time:
     D:4: 1267 daAuts
     D:5: 1089 daAuts
     D:1: 841 daAuts
     D:2: 538 daAuts
     D:3: 392 daAuts
     D:6: 189 daAuts
